 Dungeon Crawl Stone Soup version 0.17.1-1-g73c8601 (webtiles) character file.

48 Kurtz the Sneak (level 3, -1/29 HPs)
             Began as a Mummy Monk on Oct 8, 2018.
             Slain by a hound (6 damage)
             ... on level 5 of the Dungeon.
             The game lasted 00:04:53 (2522 turns).

Kurtz the Sneak (Mummy Monk)                        Turns: 2522, Time: 00:04:53

Health: -1/29      AC:  0    Str: 15    XL:     3   Next: 50%
Magic:  3/3        EV: 13    Int:  9    God:
Gold:   96         SH:  0    Dex: 14    Spells: 0 memorised, 2 levels left

rFire  x . .     SeeInvis .       - Unarmed
rCold  + . .     Clarity  .     (no armour)
rNeg   + + +     SustAt   .     (no shield)
rPois  ∞         Gourm    .     (no helmet)
rElec  .         Spirit   .     (no cloak)
rCorr  .         Warding  .     (no gloves)
rMut   .         Stasis   .     (no boots)
MR     .....                    (no amulet)
Stlth  ++........               (no ring)
                                (no ring)

@: not resistant to hostile enchantments, unstealthy
A: no food or potions, fire vulnerability, cold resistance 1, negative energy
resistance 3, torment resistance, unbreathing
a: no special abilities


You were on level 5 of the Dungeon.
You were not hungry.

You visited 1 branch of the dungeon, and saw 8 of its levels.

You collected 184 gold pieces.
You spent 88 gold pieces at shops.

Inventory:

Jewellery
 b - an uncursed amulet of the gourmand {unknown}
Scrolls
 c - a scroll of enchant weapon {unknown}
 e - 2 scrolls of magic mapping
 f - a scroll of amnesia {unknown}
 g - a scroll of fog
 h - 2 scrolls of identify {unknown}
 i - a scroll of blinking {unknown}
 j - a scroll of recharging {unknown}
Comestibles
 a - 3 fruits
 d - 2 meat rations


   Skills:
 - Level 3.0 Fighting
 - Level 2.4 Dodging
 * Level 3.4 Stealth
 - Level 3.2 Unarmed Combat


You had 2 spell levels left.
You didn't know any spells.

Dungeon Overview and Level Annotations

Branches:
Dungeon (8/15)
 Temple: D:4-7         Lair: D:8-11

Altars:
Dithmenos
Gozag

Shops:
D:7 *=

Annotations:
D:4 exclusion: 4 worker ants
D:5 exclusion: ogre
D:6 Edmund, Sigmund
D:7 exclusion: door
D:8 exclusion: hippogriff


Innate Abilities, Weirdness & Mutations

You do not eat or drink.
Your flesh is vulnerable to fire.
You are immune to poison.
Your flesh is cold resistant.
You are immune to negative energy.
You are immune to unholy pain and torment.
You can survive without breathing.


Message History

The hound is moderately wounded.
The hound bites you.
You hit the hound.
The hound is severely wounded.
The hound closely misses you. The hound barely misses you.
You barely miss the hound.
The hound is severely wounded.
The hound completely misses you.
You hit the hound.
The hound is almost dead.
The hound barely misses you. The hound misses you.
You closely miss the hound.
The hound is almost dead.
The hound bites you.
You hit the hound but do no damage.
The hound is almost dead.
The hound bites you.
* * * LOW HITPOINT WARNING * * *
The hound bites you.
You die...

..## ##..# # ##...##
#. ##....[## #.
##.......##### # .# ##
#.............###
.#.## .####
##.....h...# ...##....
....## #......@...#
#.#..... ......
##.....!..<## #..>....
...... #..........#
#.......
........###.........##
##.......
...................##
#........
.........##.#.....##
#........ ..$.....
#.####### #........
...... #.## #........
...... #..# #........


You could see a hound.

Vanquished Creatures
  3 adders
  An ooze (D:4)
  An adder skeleton (D:6)
  2 giant geckos (D:4)
  A giant cockroach (D:7)
  2 hobgoblins
  2 bats
  3 giant newts
  2 kobolds
  3 rats
20 creatures vanquished.

Notes
Turn   | Place    | Note
--------------------------------------------------------------
     0 | D:1      | Kurtz the Mummy Monk began the quest for the Orb.
     0 | D:1      | Reached XP level 1. HP: 18/18 MP: 1/1
   263 | D:2      | Reached XP level 2. HP: 20/24 MP: 2/2
   632 | D:5      | Entered Level 5 of the Dungeon
   727 | D:4      | Found an opulent altar of Gozag.
   972 | D:4      | Reached XP level 3. HP: 13/29 MP: 3/3
  1285 | D:4      | Found a shadowy altar of Dithmenos.
  1780 | D:6      | Noticed Edmund
  1798 | D:5      | Noticed an ogre
  1913 | D:7      | Found Deicucse's General Store.
  1916 | D:7      | Bought a scroll of magic mapping for 56 gold pieces
  1916 | D:7      | Bought a scroll of fog for 32 gold pieces
  1916 | D:7      | Found Ziagid's Jewellery Emporium.
  1946 | D:7      | Noticed an orc warrior
  1953 | D:7      | Noticed an orc warrior
  2104 | D:8      | Noticed a hippogriff
  2223 | D:7      | Noticed an ice beast
  2223 | D:7      | Noticed a giant frog
  2223 | D:7      | Noticed a giant frog
  2230 | D:6      | Noticed Sigmund
  2234 | D:6      | Noticed an ice beast
  2522 | D:5      | Slain by a hound

Action                   || total
-------------------------++-------
Melee: Unarmed           ||    89
 Stab: Sleeping          ||     5
